 Dungeon Crawl Stone Soup version 0.25-a0-443-gece2dee8bd (webtiles) character file.

Game seed: 5513301069563616270, levelgen mode: deterministic

77 DerDa the Digger (level 4, -3/24 HPs)
             Began as a Gargoyle Earth Elementalist on Jan 30, 2020.
             Killed from afar by Ijyb (27 damage)
             ... with a bolt of acid
             ... on level 3 of the Dungeon.
             The game lasted 00:04:35 (2075 turns).

DerDa the Digger (Gargoyle Earth Elementalist)      Turns: 2075, Time: 00:04:41

Health: -3/24      AC:  6    Str: 11    XL:     4   Next: 34%
Magic:  0/8        EV: 12    Int: 17    God:
Gold:   107        SH:  0    Dex: 10    Spells: 8/9 levels left

rFire    . . .     SeeInvis +   k - +0 short sword (drain)
rCold    . . .     Gourm    .   (no shield)
rNeg     + . .     Faith    .   c - +0 robe
rPois    ∞         Spirit   .   p - +0 helmet
rElec    +         Reflect  .   n - scarf {cloud immunity}
rCorr    .         Harm     .   (no gloves)
MR       .....                  (no boots)
Stlth    ++........             (no amulet)
HPRegen  0.08/turn              i - ring of see invisible
MPRegen  0.11/turn              (no ring)

@: no status effects
A: negative energy resistance 1, electricity resistance, unbreathing,
petrification resistance, rot immunity, AC +3
a: no special abilities


You were on level 3 of the Dungeon.
You were not hungry.

You visited 1 branch of the dungeon, and saw 3 of its levels.

You collected 107 gold pieces.

Inventory:

Hand Weapons
 j - a +0 short sword
 k - a +0 short sword of draining (weapon)
Missiles
 b - 143 stones (quivered)
 g - 28 poisoned darts
Armour
 c - a +0 robe (worn)
 n - a scarf of cloud immunity (worn)
 p - a +0 helmet (worn)
Jewellery
 i - a ring of see invisible (left hand)
Scrolls
 e - 2 scrolls of identify {unknown}
 h - a scroll of random uselessness {unknown}
 o - a scroll of teleportation {unknown}
 q - a scroll of noise {unknown}
 r - a scroll of enchant armour {unknown}
Potions
 a - a potion of brilliance {unknown}
 l - a potion of magic {unknown}
 m - 2 potions of haste {unknown}
Comestibles
 d - 7 rations
 f - a chunk of flesh


   Skills:
 - Level 1.5 Dodging
 - Level 2.1 Stealth
 * Level 3.2 Spellcasting
   Level 0.7 Transmutations
 * Level 5.0 Earth Magic


You had 8 spell levels left.
You knew the following spells:

 Your Spells              Type           Power        Failure   Level  Hunger
a - Sandblast             Erth           ###...       2%          1    None

Your spell library contained the following spells:

 Spells                   Type           Power        Failure   Level  Hunger
 Passwall                 Tmut/Erth      ##......     8%          2    ##.....
 Stone Arrow              Conj/Erth      ##....       19%         3    ###....
 Petrify                  Tmut/Erth      ##......     45%         4    ####...
 Lee's Rapid Deconstruct  Erth           ###.......   52%         5    ######.


Dungeon Overview and Level Annotations

Branches:
Dungeon (3/15)

Altars:

Annotations:
D:3 Ijyb


Innate Abilities, Weirdness & Mutations

You are resistant to torment.
Your stone body is resilient. (AC +3)
You are immune to poison.
You resist negative energy. (rN+)
You are resistant to electric shocks. (rElec)
You can survive without breathing.
You are immune to petrification.
You are immune to rotting.


Message History

Casting: Sandblast (safe; 2% risk of failure)
Confirm with . or Enter, or press ? or * to list all spells.
Aiming: Sandblast (safe; 2% risk of failure)
Press: ? - help, Shift-Dir - straight line, f/p - Ijyb
Aim: Ijyb, wearing a +2 scale mail of poison resistance and carrying a wand of acid (10)
The blast of sand hits Ijyb but does no damage.
b - 144 stones Ijyb zaps a wand.
The bolt of acid misses you.
Casting: Sandblast (safe; 2% risk of failure)
Confirm with . or Enter, or press ? or * to list all spells.
Aiming: Sandblast (safe; 2% risk of failure)
Press: ? - help, Shift-Dir - straight line, f/p - Ijyb
Aim: Ijyb, wearing a +2 scale mail of poison resistance and carrying a wand of acid (9)
The blast of sand hits Ijyb!
Ijyb is moderately wounded.
b - 143 stones Ijyb screams, "Me stronger than you!"
Ijyb zaps a wand.
The bolt of acid hits you!!
Ouch! That really hurt!
You die...

#......####################.#....
#......# #.#.##.
##################### #.#.##.
######..............#######.#.##.
.................<...........)...
...........######...###.###......
####.......# #...###.#####.###
...........######.....#..........
##.........#...g@.....#######.###
#.......###..........# #.. #
.....###.# #............. ..#.#
.....# #.# #.........#### #.#..
.....# #.# ########### #.###
.....# #.# ..... ..... #.# ..###
#.# .. ..# ##


You could see Ijyb.

Vanquished Creatures
  2 adders (D:2)
  A worm (D:2)
  An orc (D:3)
  3 giant cockroaches (D:1)
  9 goblins
  7 hobgoblins
  3 jackals (D:2)
  8 kobolds
  9 bats
  A frilled lizard (D:3)
  7 rats
51 creatures vanquished.

Notes
Turn   | Place    | Note
-------+----------+-------------------------------------------
     0 | D:1      | DerDa the Gargoyle Earth Elementalist began the quest for
                  | the Orb.
     0 | D:1      | Reached XP level 1. HP: 10/10 MP: 3/3
   197 | D:1      | Reached XP level 2. HP: 15/15 MP: 0/5
   207 | D:1      | Reached skill level 4 in Earth Magic
  1028 | D:2      | Reached XP level 3. HP: 19/19 MP: 4/7
  1499 | D:2      | Reached XP level 4. HP: 24/24 MP: 6/8
  1851 | D:3      | Reached skill level 5 in Earth Magic
  2065 | D:3      | Noticed Ijyb
  2075 | D:3      | Killed from afar by Ijyb

Levels and vault maps discovered:
D:1:      dpeg_arrival_stone_temple_mockup, layout_basic
D:2:      layout_loops_cross, first_ration, minmay_misc_feat_tower
D:3:      layout_basic, kennysheep_doodads, minmay_cupped, uniq_grinder,
          uniq_ijyb, uniq_sigmund

Skill      XL: |  1  2  3  4 |
---------------+-------------+-----
Earth Magic    | 4 5 |  5.0
Spellcasting   | 3 |  3.2
Dodging        | |  1.5
Stealth        | |  2.1
Transmutations | |  0.7

Action                   |  1- 3 |  4- 6 || total
-------------------------+-------+-------++-------
Melee: Club              |    20 |       ||    20
       Short sword       |     2 |       ||     2
 Cast: Sandblast         |    43 |    29 ||    72
 Stab: Sleeping          |     1 |       ||     1
  Eat: Chunk             |     2 |     2 ||     4
Armor: Robe              |    13 |     4 ||    17
Dodge: Dodged            |    28 |    12 ||    40

Table legend:
 A = Non-vault XP
 B = Vault XP
 C = Vault XP percentage of total XP
 D = Non-vault monster count
 E = Vault monster count
 F = Vault count percentage of total count
                 A         B        C        D         E       F
            +---------+---------+-------+---------+---------+-------
      Total |     101 |      10 |   9.0 |      46 |       5 |   9.8
            +---------+---------+-------+---------+---------+-------
        D:1 |      33 |       0 |   0.0 |      21 |       0 |   0.0
        D:2 |      57 |       0 |   0.0 |      18 |       0 |   0.0
        D:3 |      11 |      10 |  47.6 |       7 |       5 |  41.7
            +---------+---------+-------+---------+---------+-------
